 Dungeon Crawl Stone Soup version 0.29.1-12-g30fa7ad0bf (webtiles) character file.

Game seed: 8534192758937200074

4 112233 the Grave Robber (level 1, -2/13 HPs)
             Began as a Mummy Necromancer on Dec 23, 2022.
             Killed from afar by a dart slug (4 damage)
             ... with a slug dart
             ... on level 1 of the Dungeon.
             The game lasted 00:00:15 (63 turns).

112233 the Grave Robber (Mummy Necromancer)           Turns: 63, Time: 00:00:15

Health: -2/13      AC:  2    Str: 11    XL:     1   Next: 58%
Magic:  0/4        EV: 12    Int: 14    God:
Gold:   0          SH:  0    Dex: 12    Spells: 4/5 levels left

rFire   x . .      SeeInvis .   (no weapon)
rCold   + . .      Faith    .   (no shield)
rNeg    + + +      Spirit   .   a - +0 robe
rPois   ∞          Reflect  .   (no helmet)
rElec   .          Harm     .   (no cloak)
rCorr   .          Rampage  .   (no gloves)
Will    .....                   (no boots)
Stlth   ++........              (no amulet)
HPRegen 0.04/turn               (no ring)
MPRegen 0.09/turn               (no ring)

@: no status effects
A: cold resistance 1, negative energy resistance 3, torment resistance 2, heat
vulnerability 1, no potions
a: no special abilities


You were on level 1 of the Dungeon.
You visited 1 branch of the dungeon, and saw 1 of its levels.

Inventory:

Armour
 a - a +0 robe (worn)


   Skills:
 + Level 1.6 Dodging
 + Level 1.7 Stealth
 + Level 2.8 Spellcasting
 + Level 4.0 Necromancy


You had 4 spell levels left.
You knew the following spells:

 Your Spells              Type           Power      Damage    Failure   Level
a - Necrotise             Necr           52%        1d6       4%          1

Your spell library contained the following spells:

 Spells                   Type           Power      Damage    Failure   Level
 Vampiric Draining        Necr           13%        2d6       12%         3
 Animate Dead             Necr           13%        N/A       38%         4
 Agony                    Necr           13%        N/A       75%         5


Dungeon Overview and Level Annotations

Branches:
Dungeon (1/15)

Altars:


Innate Abilities, Weirdness & Mutations

You are immune to poison.
Your flesh is cold resistant. (rC+)
You are immune to negative energy. (rN+++)
You are immune to unholy pain and torment.
You are vulnerable to heat. (rF-)
You do not drink.


Message History

You don't have enough magic to cast this spell.
Unknown command.
Unknown command.
Casting: Necrotise (safe; 4% risk of failure)
Confirm with . or Enter, or press ? or * to list all spells.
You don't have enough magic to cast this spell.
Unknown command.
Casting: Necrotise (safe; 4% risk of failure)
Confirm with . or Enter, or press ? or * to list all spells.
You don't have enough magic to cast this spell.
You barely miss the ball python.
The ball python bites you but does no damage.
The ball python constricts you.
Your goblin skeleton hits the ball python.
You hit the ball python.
The ball python is severely wounded.
The ball python bites you but does no damage.
The ball python constricts you.
Your kobold skeleton misses the ball python.
The ball python bites you. The ball python constricts you.
Your goblin skeleton hits the ball python.
The ball python dies!
The dart slug launches a dart at you. The slug dart hits you.
* * * LOW HITPOINT WARNING * * *
Your goblin skeleton hits the dart slug but does no damage.
Your kobold skeleton hits the dart slug but does no damage.
Your goblin skeleton crumbles into dust!
Unknown command.
You can't drink.
You aren't carrying any scrolls.
Unknown command.
You completely miss the dart slug.
Something barely misses your kobold skeleton.
You hit the dart slug.
The dart slug is lightly wounded.
Something bites your kobold skeleton. The dart slug launches a dart at you.
The slug dart hits you.
You die...

.# .# #####.# ##.#
...##.# .#.# ##.##.###.
##...# .#.##..... #.#...
#.....# #.# .w#..#
.#.##.# #..# #l##.####..
##....# #..##)##........
...#..## #...##@.#
#......#####..Zw..##.##
.#.#...#...............#
#..........$..........##
.##.[#.#..............#
. #.##.#####...########
#. #.# #...# .. ..#
#...# ##. ### #...#


You could see a dart slug (ally target) and a friendly kobold skeleton.

Vanquished Creatures
  2 goblins (D:1)
  A bat (D:1)
  A kobold (D:1)
4 creatures vanquished.

Vanquished Creatures (collateral kills)
  A ball python (D:1)
1 creature vanquished.

Grand Total: 5 creatures vanquished

Notes
Turn   | Place    | Note
-------+----------+-------------------------------------------
     0 | D:1      | 112233 the Mummy Necromancer began the quest for the Orb.
     0 | D:1      | Reached XP level 1. HP: 13/13 MP: 4/4
    63 | D:1      | Killed from afar by a dart slug

Illustrated notes

Levels and vault maps discovered:
D:1:      ncdulo_watergridlock, layout_loops_cross,
          chequers_ecumenical_altar_lobes, grunt_decor_clamped,
          minmay_heptomino_w4

Action                   || total
-------------------------++-------
Melee: Unarmed           ||     4
 Cast: Necrotise         ||     7
Armor: Robe              ||     2
